 Dungeon Crawl Stone Soup version 0.26.1-11-gd32895ea62 (webtiles) character file.

Game seed: 6561144861314306303

211 promet the Skirmisher (level 5, -1/30 HPs)
             Began as a Gargoyle Berserker on May 30, 2021.
             Was a Believer of Trog.
             Killed by divine providence
             ... invoked by an orc priest
              (8 damage)
             ... on level 4 of the Dungeon.
             The game lasted 00:16:15 (3231 turns).

promet the Skirmisher (Gargoyle Berserker)          Turns: 3231, Time: 00:16:16

Health: -1/30      AC:  6    Str: 20    XL:     5   Next: 88%
Magic:  5/5        EV: 13    Int: 11    God:    Trog [**....]
Gold:   173        SH:  0    Dex: 15    Spells: 4/4 levels left

rFire    . . .     SeeInvis .   x - +2 dagger (flame)
rCold    . . .     Faith    .   (no shield)
rNeg     + . .     Spirit   .   r - +0 animal skin
rPois    ∞         Reflect  .   (no helmet)
rElec    +         Harm     .   (no cloak)
rCorr    .         Rampage  .   (no gloves)
Will     .....                  (no boots)
Stlth    ++........             (no amulet)
HPRegen  0.10/turn              p - +6 ring of dexterity
MPRegen  0.09/turn              (no ring)

@: no status effects
A: clever 1, frail 1, negative energy resistance 1, electricity resistance,
unbreathing, petrification resistance, miasma immunity, AC +4
a: Renounce Religion, Berserk, Trog's Hand


You were on level 4 of the Dungeon.
You worshipped Trog.
Trog was pleased with you.
You visited 1 branch of the dungeon, and saw 4 of its levels.

You collected 173 gold pieces.

Inventory:

Hand Weapons
 a - a +0 mace
 b - a +0 hunting sling of freezing
 k - a +0 spear
 l - a +0 dagger of draining
 x - a +2 dagger of flaming (weapon)
Missiles
 c - 169 stones
 e - 6 bolts
 m - 34 sling bullets
 n - 3 atropa-tipped darts
 o - 49 arrows
 q - 18 poisoned darts
Armour
 r - a +0 animal skin (worn)
Jewellery
 p - a +6 ring of dexterity (left hand)
 v - an uncursed amulet of the acrobat
Wands
 t - a wand of digging (7)
Scrolls
 h - 2 scrolls of remove curse
 j - a scroll of fear
 s - a scroll of enchant weapon {unknown}
 u - a scroll of fog {unknown}
 w - a scroll of enchant armour {unknown}
 y - a scroll of teleportation {unknown}
Potions
 d - a potion of heal wounds
 f - a potion of curing
 g - a potion of flight {unknown}
 i - a potion of lignification


   Skills:
 * Level 4.7 Fighting
 + Level 4.4 Maces & Flails
 + Level 1.3 Slings
 + Level 2.4 Armour
 + Level 2.2 Dodging
 + Level 1.5 Stealth


You had 4 spell levels left.
You didn't know any spells.
Your spell library contained the following spells:

 Spells                   Type           Power        Failure   Level
 Animate Skeleton         Necr           0%           34%         1
 Pain                     Necr           0%           34%         1
 Vampiric Draining        Necr           0%           71%         3
 Animate Dead             Necr           0%           98%         4
 Agony                    Necr           0%           100%        5


Dungeon Overview and Level Annotations

Branches:
Dungeon (4/15)
 Temple: D:4-7

Altars:
Fedhas
Hepliaklqana
Xom


Innate Abilities, Weirdness & Mutations

You are resistant to torment.
Your stone body is resilient. (AC +4)
You are immune to poison.
You resist negative energy. (rN+)
You are resistant to electric shocks. (rElec)
You can survive without breathing.
You are immune to petrification.
You are immune to miasma.
Your mind is acute. (Int +2)
You are frail. (-10% HP)


Message History

The orc priest is almost dead.
The orc priest invokes the aid of Beogh against you.
Pain shoots through your body! The orc hits you with a +0 flail.
The orc misses you.
You hit the orc priest but do no damage.
The orc priest is almost dead.
The orc priest calls down the wrath of Beogh upon you.
Beogh smites you!
Ouch! That really hurt!
* * * LOW HITPOINT WARNING * * *
The orc hits you but does no damage. The orc barely misses you.
You hit the orc priest but do no damage.
The orc priest is almost dead.
The orc priest mumbles some strange prayers to Beogh against you.
You are unaffected.
The orc closely misses you. The orc barely misses you.
You barely miss the orc priest.
The orc priest is almost dead.
The orc priest mumbles some strange prayers to Beogh against you.
Beogh smites you!
You die...

###...## .... .... .. .
..#....###.........# #.## #.
.......#.... ...##..# #..###..
#........## #..# #..## #..#..#
#.........# ..# #..#####.....#
#......?..## #.# ##.....#....#
#..........###.####...........##
#...........##..#...#####..##..#
##.######......o@o..## #..####..
#...## ####.....o### #..# #..
.....# ##....## #.## ##. #.....#
##...# #. #. #...#..# ##..# .#
#. #...##..# #.## #. #. ##.##
##.# #.# #. #.# #. #.. #. #.# #.


You could see an orc priest and 2 orcs.

Vanquished Creatures
  A sky beast (D:3)
  Jessica (D:2)
  A hound skeleton (D:4)
  2 adders (D:3)
  An ooze (D:4)
  2 leopard geckos
  2 giant cockroaches
  5 goblins (D:1)
  11 hobgoblins
  3 jackals (D:1)
  8 kobolds
  A quokka (D:3)
  A ball python (D:3)
  10 bats
  4 frilled lizards
  4 rats
57 creatures vanquished.

Vanquished Creatures (others)
  5 plants (D:2)
5 creatures vanquished.

Grand Total: 62 creatures vanquished

Notes
Turn   | Place    | Note
-------+----------+-------------------------------------------
     0 | D:1      | promet the Gargoyle Berserker began the quest for the Orb.
     0 | D:1      | Reached XP level 1. HP: 14/14 MP: 1/1
    86 | D:1      | Reached XP level 2. HP: 14/19 MP: 2/2
   642 | D:1      | Reached XP level 3. HP: 23/24 MP: 3/3
  1236 | D:2      | Reached ** piety under Trog
  1306 | D:2      | Gained mutation: You are frail. (-10% HP) [potion of
                  | mutation]
  1306 | D:2      | Gained mutation: Your mind is acute. (Int +2) [potion of
                  | mutation]
  1654 | D:2      | Noticed Jessica
  1663 | D:2      | Killed Jessica
  1664 | D:2      | Reached XP level 4. HP: 21/26 MP: 4/4
  1870 | D:2      | Found a shimmering altar of Xom.
  1873 | D:2      | Found an iron altar of Okawaru.
  1873 | D:2      | Found a glowing golden altar of the Shining One.
  1877 | D:2      | Found a shimmering altar of Xom.
  1877 | D:2      | Found an opulent altar of Gozag.
  1877 | D:2      | Found a shimmering altar of Xom.
  2245 | D:3      | Noticed a sky beast
  2252 | D:3      | Killed a sky beast
  2253 | D:3      | Reached skill level 1 in Slings
  2253 | D:3      | Reached skill level 1 in Stealth
  2253 | D:3      | Reached XP level 5. HP: 27/30 MP: 5/5
  2485 | D:3      | Found a hazy altar of Hepliaklqana.
  2771 | D:3      | Found a blossoming altar of Fedhas.
  3231 | D:4      | Killed from afar by an orc priest

Illustrated notes

Levels and vault maps discovered:
D:1:      lemuel_arrival_river_bridge, layout_loops_ring
D:2:      layout_loops_ring, nicolae_overflow_hidden_temple, serial_bayou,
          serial_bayou_pond_c, serial_bayou_pond_b, serial_bayou_pond_a,
          serial_bayou_pond_c, doesnt_xom_only_xom, uniq_jessica
D:3:      layout_loops_cross, lemuel_doored_altar, nzn_hepliaklqana_mist_gate
D:4:      layout_layer_cave, minmay_fractal_squares_gapless_5

Skill      XL: |  1  2  3  4 |
---------------+-------------+-----
Fighting       | 4 |  4.7
Dodging        | 2 |  2.2
Maces & Flails | 4 |  4.4
Slings         | 1 |  1.3
Stealth        | 1 |  1.5
Armour         | |  2.4

Action                   |  1- 3 |  4- 6 || total
-------------------------+-------+-------++-------
Melee: Mace              |    91 |    44 ||   135
       Dagger            |       |    25 ||    25
 Fire: Hunting sling     |    10 |       ||    10
  Use: Scroll            |     9 |     1 ||    10
       Potion            |     5 |       ||     5
 Stab: Sleeping          |     1 |     2 ||     3
Armor: Animal skin       |    28 |    30 ||    58
Dodge: Dodged            |    67 |    44 ||   111
